 Dungeon Crawl Stone Soup version 0.29-a0-551-gffc1d7fb78 (webtiles) character file.

Game seed: 13563784727050029614

41 Crownlay the Conjurer (level 3, -4/28 HPs)
             Began as a Draconian Conjurer on June 5, 2022.
             Slain by Ijyb
             ... wielding a +0 club
              (5 damage)
             ... on level 1 of the Dungeon.
             The game lasted 00:02:34 (2002 turns).

Crownlay the Conjurer (Draconian Conjurer)          Turns: 2002, Time: 00:02:35

Health: -4/28      AC:  5    Str:  9    XL:     3   Next: 32%
Magic:  0/6        EV: 11    Int: 20    God:
Gold:   123        SH:  3    Dex:  9    Spells: 3/6 levels left

rFire   . . .      SeeInvis .   d - +0 short sword
rCold   . . .      Faith    .   f - +0 buckler
rNeg    . . .      Spirit   .   (body armour unavailable)
rPois   .          Reflect  .   (helmet restricted)
rElec   .          Harm     .   j - scarf {repulsion}
rCorr   .          Rampage  .   (no gloves)
Will    .....                   (no boots)
Stlth   ++........              (no amulet)
HPRegen 0.09/turn               (no ring)
MPRegen 0.10/turn               (no ring)

@: repel missiles
A: AC +5, unfitting armour, cold-blooded
a: no special abilities


You were on level 1 of the Dungeon.
You visited 1 branch of the dungeon, and saw 2 of its levels.

You collected 123 gold pieces.

Inventory:

Hand Weapons
 d - a +0 short sword (weapon)
Armour
 f - a +0 buckler (worn)
 j - a scarf of repulsion (worn)
Jewellery
 m - a ring of magical power
Wands
 l - a wand of polymorph (11)
Scrolls
 c - 3 scrolls of amnesia {unknown}
 e - a scroll of fear {unknown}
 i - a scroll of fog {unknown}
Potions
 a - 2 potions of magic
 b - 2 potions of curing {unknown}
 g - 2 potions of flight {unknown}
 h - a potion of berserk rage {unknown}
 k - a potion of resistance {unknown}
 n - a potion of degeneration {unknown}


   Skills:
 + Level 1.2 Fighting
 + Level 2.1 Dodging
 - Level 1.7 Stealth
 + Level 0.6 Shields
 * Level 2.4 Spellcasting
 + Level 4.4 Conjurations


You had 3 spell levels left.
You knew the following spells:

 Your Spells              Type           Power      Damage    Failure   Level
a - Magic Dart            Conj           80%        1d7       3%          1
b - Searing Ray           Conj           40%        2d5       4%          2

Your spell library contained the following spells:

 Spells                   Type           Power      Damage    Failure   Level
 Dazzling Flash           Conj/Hex       22%        N/A       26%         3
 Fulminant Prism          Conj/Hex       5%         3d7       63%         4
 Iskenderun's Mystic Bla  Conj/Tloc      11%        2d4       63%         4


Dungeon Overview and Level Annotations

Branches:
Dungeon (2/15)

Altars:

Annotations:
D:1 Ijyb


Innate Abilities, Weirdness & Mutations

Your plain brown scales are hard. (AC +5)
You cannot fit into any form of body armour.
You are cold-blooded and may be slowed by cold attacks.


Message History

* * * LOW HITPOINT WARNING * * *
The goblin hits you but does no damage.
You see here a +0 club.
Casting: Magic Dart (safe; 3% risk of failure)
Confirm with . or Enter, or press ? or * to list all spells.
You don't know that spell.
Casting: Magic Dart (safe; 3% risk of failure)
Confirm with . or Enter, or press ? or * to list all spells.
Aiming: Searing Ray (safe; 5% risk of failure)
Press: ? - help, Shift-Dir - straight line, f - goblin
Aim: a goblin, wielding a +0 club (72% to hit)
The searing ray misses Ijyb.
The searing ray hits the goblin.
You kill the goblin! (Press . to maintain the ray.)
The searing ray hits Ijyb.
Ijyb is lightly wounded.
The searing ray hits Ijyb.
Ijyb is moderately wounded.
Ijyb hits you with a +0 club.
* * * LOW HITPOINT WARNING * * *
Casting: Searing Ray (safe; 4% risk of failure)
Confirm with . or Enter, or press ? or * to list all spells.
Restarting spell: Searing Ray (safe; 4% risk of failure)
Press: ? - help, Shift-Dir - straight line, f - Ijyb
Aim: Ijyb, wielding a +0 club, wearing a +0 leather armour and carrying a wand of mindburst (15) (moderately wounded, 72% to hit)
The searing ray hits Ijyb.
Ijyb is heavily wounded. (Press . to maintain the ray.) Ijyb zaps a wand.
You barely resist.
Without enough magic to sustain it, your searing ray dissipates.
Ijyb screams, "Me kill you!" Ijyb closely misses you.
You hit Ijyb.
Ijyb is severely wounded.
Ijyb hits you with a +0 club.
* * * LOW HITPOINT WARNING * * *
You hit Ijyb but do no damage.
Ijyb is severely wounded.
Ijyb hits you with a +0 club.
You die...

#######..# #..#..................
......#..# ##.#...#.##...........
#.###....####.......##.#.........
#.###.##.........................
#.#.............###.##.##.##.....
..#.###.#.####.># #.##.##.##.....
..#.#.......^...# #..............
###.#.#..#.#...g######..#.##.#'##
# #...#.##.#....@# #....##.#.#
#####....#..##.# #.......#.#
######...#.# #.#######.# #####.#
#.# #.# #.# #.# #.# #.#
#.#######.# #.# #.........# #.#
#####.##### #.###### #.#


You could see Ijyb.

Vanquished Creatures
  A worm (D:1)
  2 dart slugs
  A ball python (D:1)
  3 bats
  4 endoplasms
  3 jackals
  A quokka (D:1)
  2 frilled lizards (D:1)
  8 goblins
  2 kobolds (D:2)
  5 rats
32 creatures vanquished.

Vanquished Creatures (others)
  3 plants (D:2)
3 creatures vanquished.

Grand Total: 35 creatures vanquished

Notes
Turn   | Place    | Note
-------+----------+-------------------------------------------
     0 | D:1      | Crownlay the Draconian Conjurer began the quest for the
                  | Orb.
     0 | D:1      | Reached XP level 1. HP: 14/14 MP: 3/3
   335 | D:1      | Reached XP level 2. HP: 19/22 MP: 0/5
  1306 | D:1      | Reached skill level 1 in Fighting
  1388 | D:1      | Learned a level 2 spell: Searing Ray
  1517 | D:2      | Reached XP level 3. HP: 28/28 MP: 2/6
  1828 | D:2      | Noticed Ijyb
  2001 | D:1      | HP: 1/28 [Ijyb/+0 club (1)]
  2002 | D:1      | Slain by Ijyb

Illustrated notes

Levels and vault maps discovered:
D:1:      erik_arrival_triangle_medium, layout_basic, minivault_5,
          hangedman_abyss_or_decor_lesser_grid, minmay_tetromino_t2
D:2:      kennysheep_the_goblin_king, layout_rooms, st_stairs_4,
          chequers_big_river

Skill      XL: |  1  2 |
---------------+-------+-----
Dodging        | 2 |  2.1
Fighting       | 1 |  1.2
Stealth        | |  1.7
Shields        | |  0.6
Spellcasting   | |  2.4
Conjurations   | |  4.4

Action                   || total
-------------------------++-------
Melee: Short sword       ||    16
       Tailslap          ||     1
 Cast: Magic Dart        ||    54
       Searing Ray       ||     3
Armor: Skin              ||    12
Dodge: Dodged            ||    16
Block: Buckler           ||     4

Table legend: (Time is in decaauts)
 A = Elapsed time spent in this place.
 B = Non-inter-level travel time spent in this place.
 C = Inter-level travel time spent in this place.
 D = Time resting spent in this place.
 E = Time spent auto-exploring this place.
 F = Levels seen in this place.
 G = Mean time per level.
                   A        B        C        D        E       F      G
               +--------+--------+--------+--------+--------+-----+--------+
         Total |   2006 |   1940 |     66 |      0 |   1701 |   2 | 1003.0 |
       Dungeon |   2006 |   1940 |     66 |      0 |   1701 |   2 | 1003.0 |
               +--------+--------+--------+--------+--------+-----+--------+

Top non-repeatable levels by time:
     D:1: 1595 daAuts
     D:2: 410 daAuts
